 Dungeon Crawl Stone Soup version 0.31-a0-851-g7ff8af7976 (webtiles) character file.

Game seed: 16754028632069849313

2401 Gladio the Blocker (level 9, 0/71 HPs)
             Began as a Formicid Fighter on Oct 6, 2023.
             Was an Initiate of Yredelemnul.
             Succumbed to a water moccasin's poison
             ... on level 6 of the Dungeon.
             The game lasted 00:13:15 (6101 turns).

Gladio the Blocker (Formicid Fighter)               Turns: 6101, Time: 00:13:16

Health: 0/71       AC: 19    Str: 24    XL:     9   Next: 75%
Magic:  9/9        EV:  8    Int:  9    God:    Yredelemnul [......]
Gold:   384        SH:  6    Dex: 13    Spells: 8/8 levels left

rFire   + . .        I - +2 scythe (heavy)
rCold   . . .        c - +0 buckler
rNeg    . . .        d - +2 chain mail {rF+}
rPois   .            (helmet unavailable)
rElec   .            m - +0 cloak
rCorr   .            q - +0 pair of gloves
SInv    +            (no boots)
Will    +....        (no amulet) Stlth
                     r - +4 ring of protection
HPRegen 0.31/turn    (no ring)
MPRegen 0.11/turn

%: no passive effects
@: lethally poisoned (0 -> -9), enlightened, flying
A: permanent stasis, dig shafts and tunnels, antennae 3, four strong arms
a: Dig, Shaft Self, Renounce Religion, Recall Undead Harvest


You were on level 6 of the Dungeon.
You worshipped Yredelemnul.
Yredelemnul was noncommittal.
You visited 2 branches of the dungeon, and saw 8 of its levels.

You collected 384 gold pieces.

Inventory:

Hand Weapons
 a - a +0 trident
 n - a +4 quarterstaff of chaos
 v - a +3 halberd
 I - a +2 heavy scythe (weapon)
Missiles
 u - 5 boomerangs
 z - 2 throwing nets
Armour
 b - a +0 scale mail
 c - a +0 buckler (worn)
 d - a +2 chain mail of fire resistance (worn)
 m - a +0 cloak (worn)
 q - a +0 pair of gloves (worn)
Jewellery
 r - a +4 ring of protection (left hand)
 x - a ring of wizardry
 E - a ring of fire
Scrolls
 i - 3 scrolls of teleportation {unknown}
 j - 3 scrolls of poison {unknown}
 k - 3 scrolls of noise {unknown}
 s - 2 scrolls of fog {unknown}
 t - 5 scrolls of identify
 w - 2 scrolls of butterflies {unknown}
 y - a scroll of enchant armour {unknown}
 B - 2 scrolls of brand weapon {unknown}
 F - a scroll of silence {unknown}
 H - 2 scrolls of vulnerability {unknown}
Potions
 e - 4 potions of resistance
 f - 2 potions of enlightenment
 g - 3 potions of curing {unknown}
 h - 3 potions of mutation {unknown}
 l - a potion of brilliance {unknown}
 o - a potion of berserk rage {unknown}
 p - 2 potions of degeneration {unknown}
 A - a potion of invisibility {unknown}
 C - a potion of lignification {unknown}
 D - a potion of cancellation {unknown}
 G - 2 potions of might


   Skills:
 + Level 6.9 Fighting
 * Level 8.2 Polearms
 + Level 6.9 Armour
 + Level 8.3 Shields


You had 8 spell levels left.
You didn't know any spells.
Your spell library contained the following spells:

 Spells                   Type           Power      Damage    Failure   Level
 Gell's Gravitas          Tloc           0%         N/A       100%        3
 Teleport Other           Tloc           0%         N/A       100%        3
 Passage of Golubria      Tloc           0%         N/A       100%        4
 Silence                  Hex/Air        0%         N/A       100%        5
 Dispersal                Tloc           0%         N/A       100%        6
 Lehudib's Crystal Spear  Conj/Erth      0%         10d2      100%        8


Dungeon Overview and Level Annotations

Branches:
Dungeon (7/15)             Temple (1/1) D:6

Altars:
Ashenzari
Cheibriados
Dithmenos
Elyvilon
Fedhas
Gozag
Hepliaklqana
Kikubaaqudgha
Nemelex Xobeh
Okawaru
Qazlal
Ru
Sif Muna
Trog
Uskayaw
Vehumet
Wu Jian
Xom
Yredelemnul
Zin
The Shining One

Shops:
D:1 !

Annotations:
D:6 3 runed translucent doors, tish's ghost, novice GnWn


Innate Abilities, Weirdness & Mutations

You cannot be hasted, slowed, berserked, paralysed or teleported.
You can dig through walls and to a lower floor.
You have a pair of large antennae on your head. (SInv)
Your four strong arms can wield two-handed weapons with a shield.


Message History

The water moccasin bites you but does no damage.
You slice the kobold brigand!!
You kill the kobold brigand!
The dead are walking!
You feel sick. The water moccasin bites you.
You are more poisoned.
The water moccasin poisons you!
The kobold throws a stone.
The stone barely misses you.
The water moccasin bites you but does no damage.
The kobold hits you but does no damage.
You can't go down here!
You feel very sick.
The kobold throws a stone.
You block the stone. The water moccasin bites you.
You block the kobold's attack.
You climb upwards.
Level annotation: 3 runed translucent doors, tish's ghost, novice GnWn You feel very sick.
There is a stone staircase leading down here.
You feel very sick. The water moccasin barely misses you.
You miss the water moccasin.
You feel very sick. The water moccasin bites you.
You are lethally poisoned!
The water moccasin poisons you! The water moccasin bites you!
* * * LOW HITPOINT WARNING * * *
You hit the water moccasin.
The water moccasin is moderately wounded.
* * * LOW HITPOINT WARNING * * *
You feel extremely sick.
The water moccasin bites you but does no damage. x2
You impale the water moccasin!!
You kill the water moccasin!
* * * LOW HITPOINT WARNING * * *
You feel very sick.
Okay, then.
It was a potion of enlightenment.
You feel very buoyant.
You fly up into the air.
You die...
Your body rises from the dead as a mindless zombie.

##.....## ####.#
#...## ##...## #.#
##.## ##'## #.#
#.# #.# ##.# #.#
####.####### #..#
#.# ...........#
#.## #.#
##.........# #.#
#.######
##.....###.# #.#
#....... .......#
#.# #@# ########
##...#.###.#####K#
#
##...............#
##### #
.....#####.#######
####.#.#.#
####.......#
#..#.....# ##
#.#######
##..+...$## >###.#
#...+Z..[(# ...#.#
#...+Z..$## ##.#.#
#...#W{...#


You could see a kobold.

Vanquished Creatures
  Sigmund (D:6)
  Edmund (D:4)
  A water moccasin (D:6)
  A black bear (D:5)
  2 sky beasts
  3 ogres
  2 phantoms
  2 kobold brigands
  A bullfrog (D:6)
  4 scorpions (D:6)
  4 wights (D:6)
  A howler monkey (D:6)
  A gnoll bouda (D:4)
  3 hounds
  Crazy Yiuf (D:2)
  2 orc priests
  A jelly (D:5)
  Terence (D:3)
  Jessica (D:2)
  2 sleepcaps
  An iguana (D:5)
  Robin (D:3)
  8 gnolls (D:4)
  12 adders
  A white imp (D:6)
  2 ufetubi
  2 worms (D:2)
  A dart slug (D:3)
  15 orcs
  2 bats
  An endoplasm (D:3)
  2 giant cockroaches
  16 goblins
  10 hobgoblins
  6 jackals
  8 quokkas
  4 ball pythons
  2 frilled lizards
  5 kobolds
134 creatures vanquished.

Vanquished Creatures (others)
  A sky beast zombie (D:7)
  A human zombie (D:6)
  A kobold zombie (D:7)
3 creatures vanquished.

Grand Total: 137 creatures vanquished

Notes
Turn   | Place    | Note
-------+----------+-------------------------------------------
     0 | D:1      | Gladio the Formicid Fighter began the quest for the Orb.
     0 | D:1      | Reached XP level 1. HP: 18/18 MP: 1/1
   199 | D:1      | Found Sablaxt's Distillery.
   242 | D:1      | Reached XP level 2. HP: 24/24 MP: 2/2
   607 | D:1      | Reached XP level 3. HP: 29/29 MP: 3/3
  1137 | D:2      | Noticed Jessica
  1145 | D:2      | Killed Jessica
  1146 | D:2      | Reached XP level 4. HP: 23/37 MP: 4/4
  1368 | D:2      | Found a runed translucent door.
  1369 | D:2      | Noticed Crazy Yiuf
  1407 | D:2      | Killed Crazy Yiuf
  1408 | D:2      | Reached XP level 5. HP: 34/42 MP: 5/5
  1812 | D:3      | Noticed Robin
  1839 | D:3      | Killed Robin
  2160 | D:3      | Noticed Terence
  2169 | D:3      | Killed Terence
  2170 | D:3      | Reached skill level 5 in Shields
  2238 | D:3      | Reached XP level 6. HP: 47/48 MP: 6/6
  2378 | D:3      | Found a hide-covered altar of Uskayaw.
  2379 | D:3      | Noticed a +0 dagger
  2379 | D:3      | Noticed a +0 hand axe
  2705 | D:3      | Found a faded altar of an unknown god.
  3152 | D:4      | Noticed a steam dragon
  3153 | D:4      | Noticed an acid dragon
  3163 | D:4      | Noticed Edmund
  3172 | D:4      | Killed Edmund
  3173 | D:4      | Reached XP level 7. HP: 52/55 MP: 7/7
  3245 | D:4      | Reached skill level 5 in Polearms
  3567 | D:4      | Reached skill level 5 in Armour
  3915 | D:4      | Found a glowing golden altar of the Shining One.
  4259 | D:5      | Entered Level 5 of the Dungeon
  4269 | D:5      | Reached skill level 5 in Fighting
  4379 | D:5      | Reached XP level 8. HP: 53/60 MP: 8/8
  4884 | D:5      | Found a faded altar of an unknown god.
  4884 | D:5      | Found a hazy altar of Hepliaklqana.
  4884 | D:5      | Found a faded altar of an unknown god.
  4972 | D:6      | Found a shimmering altar of Xom.
  5009 | D:6      | Reached XP level 9. HP: 64/69 MP: 9/9
  5587 | D:6      | Found a staircase to the Ecumenical Temple.
  5632 | Temple   | Entered the Ecumenical Temple
  5639 | Temple   | Became a worshipper of Yredelemnul the Dark
  5696 | D:6      | Noticed Sigmund
  5703 | D:6      | Killed Sigmund
  5767 | D:6      | Your ally Sigmund died
  5915 | D:6      | Found a runed translucent gate.
  5915 | D:6      | Found a runed translucent gate.
  5915 | D:6      | Noticed a spectral unseen horror
  5916 | D:6      | Found a runed translucent gate.
  5917 | D:6      | Noticed tish's ghost (novice GnWn)
  6088 | D:7      | Reached * piety under Yredelemnul
  6100 | D:6      | HP: 3/71 [poisoned by a water moccasin]
  6101 | D:6      | Succumbed to a water moccasin's poison

Illustrated notes

Levels and vault maps discovered:
D:1:      eino_arrival_cavern_e, layout_basic, serial_shops,
          nicolae_shop_industrial_runoff
D:2:      layout_basic, chequers_serial_rivers_micro_a, uniq_jessica,
          uniq_crazy_yiuf_cottage
D:3:      layout_basic, dancing_weapons_uskayaw, nicolae_ecumenical_oubliette,
          uniq_robin, uniq_terence
D:4:      layout_layer_cave, tso_oasis_becter, amcnicky_mini_corridor_feature,
          moated_statue, lightli_corner_chamber, uniq_edmund
D:5:      layout_cave_pools, nicolae_hepliaklqana_ecumenical_no_more
D:6:      layout_loops_corners, xom_confusion_cloud,
          minmay_temple_entry_proselytizer, gammafunk_ghost_necromancy,
          kennysheep_minor_cross, uniq_sigmund
D:7:      layout_rooms, enter_bailey_5, hangedman_decor_diamond_cutter,
          kennysheep_donut
Temple:   sentei_temple_godly_chess

Skill      XL: |  1  2  3  4  5  6  7  8  9 |
---------------+----------------------------+-----
Polearms       | 3 4 5 6 8 |  8.2
Fighting       | 4 5 6 |  6.9
Armour         | 4 5 6 |  6.9
Shields        | 5 6 7 8 |  8.3

Action                     |  1- 3 |  4- 6 |  7- 9 || total
---------------------------+-------+-------+-------++-------
  Melee: Trident           |   101 |    16 |       ||   117
         Quarterstaff      |       |    96 |       ||    96
         Halberd           |       |    21 |   200 ||   221
 Invoke: Recall Undead Har |       |       |     1 ||     1
Ability: Dig               |       |       |     7 ||     7
    Use: Potion            |       |     1 |     1 ||     2
         Scroll            |       |       |     1 ||     1
   Stab: Confused          |       |       |     1 ||     1
 Armour: Scale mail        |    47 |    90 |       ||   137
         Chain mail        |       |       |   128 ||   128
  Dodge: Dodged            |    33 |    50 |    65 ||   148
  Block: Buckler           |    20 |    39 |    49 ||   108
         Form:             |       |     1 |       ||     1
         Beast             |       |     1 |       ||     1

Table legend: (Time is in decaauts)
 A = Elapsed time spent in this place.
 B = Non-inter-level travel time spent in this place.
 C = Inter-level travel time spent in this place.
 D = Time resting spent in this place.
 E = Time spent auto-exploring this place.
 F = Levels seen in this place.
 G = Mean time per level.
                   A        B        C        D        E       F      G
               +--------+--------+--------+--------+--------+-----+--------+
         Total |   6210 |   5855 |    355 |      0 |   4881 |   8 |  776.2 |
       Dungeon |   6198 |   5852 |    346 |      0 |   4881 |   7 |  885.4 |
        Temple |     11 |      2 |      9 |      0 |      0 |   1 |   11.0 |
               +--------+--------+--------+--------+--------+-----+--------+

Top non-repeatable levels by time:
     D:4: 1439 daAuts
     D:6: 1148 daAuts
     D:3: 1106 daAuts
     D:1: 913 daAuts
     D:2: 863 daAuts
     D:5: 706 daAuts
     D:7: 20 daAuts
  Temple: 11 daAuts
